 Dungeon Crawl Stone Soup version 0.25.1-8-g42b30a86e7 (webtiles) character file.

Game seed: 3470374042345272327

142 pokeman the Magician (level 5, 0/29 HPs)
             Began as a Deep Elf Wizard on Dec 6, 2020.
             Slain by a river rat (2 damage)
             ... in a sewer on Dec 7, 2020.
             The game lasted 00:08:33 (3303 turns).

pokeman the Magician (Deep Elf Wizard)              Turns: 3303, Time: 00:08:35

Health: 0/29       AC:  6    Str:  4    XL:     5   Next: 4%
Magic:  13/15      EV: 12    Int: 24    God:
Gold:   44         SH:  0    Dex: 13    Spells: 5/16 levels left

rFire    + . .     SeeInvis .   l - +2 mace (holy)
rCold    . . .     Gourm    .   (no shield)
rNeg     . . .     Faith    .   e - +2 leather armour {rF+}
rPois    .         Spirit   .   k - +0 helmet
rElec    .         Reflect  .   (no cloak)
rCorr    .         Harm     .   (no gloves)
MR       .....                  (no boots)
Stlth    ++........             (no amulet)
HPRegen  0.09/turn              (no ring)
MPRegen  0.14/turn              (no ring)

@: flying
A: no striking features
a: no special abilities


You were in a sewer.
You were very hungry.

You visited 1 branch of the dungeon, and saw 3 of its levels.
You also visited: Sewer.

You collected 44 gold pieces.

Inventory:

Hand Weapons
 l - a +2 mace of holy wrath (weapon)
Armour
 e - a +2 leather armour of fire resistance (worn)
 k - a +0 helmet (worn)
Jewellery
 n - a +6 ring of strength
Wands
 b - a wand of clouds (7)
Scrolls
 f - a scroll of magic mapping {unknown}
 g - 4 scrolls of identify {unknown}
 i - 2 scrolls of teleportation {unknown}
 j - 3 scrolls of blinking {unknown}
Potions
 a - a potion of lignification {unknown}
 c - a potion of flight
 m - a potion of invisibility {unknown}
 o - 5 potions of curing {unknown}
Comestibles
 d - a ration


   Skills:
 - Level 1.1 Fighting
 - Level 1.2 Armour
 + Level 2.7 Dodging
 - Level 2.4 Stealth
 * Level 6.0 Spellcasting
 + Level 2.5 Conjurations
 - Level 1.1 Summonings
 - Level 1.1 Translocations
 - Level 1.0 Fire Magic
 + Level 0.0 Air Magic


You had 5 spell levels left.
You knew the following spells:

 Your Spells              Type           Power        Failure   Level  Hunger
a - Magic Dart            Conj           ###.         4%          1    None
b - Mephitic Cloud        Conj/Pois/Air  ##......     28%         3    #......
c - Call Imp              Summ           ##......     13%         2    None
d - Blink                 Tloc           N/A          13%         2    None
e - Conjure Flame         Conj/Fire      ###.....     21%         3    #......

Your spell library contained the following spells:

 Spells                   Type           Power        Failure   Level  Hunger
 Slow                     Hex            #.......     21%         2    None


Dungeon Overview and Level Annotations

Branches:
Dungeon (3/15)              Sewer (1/1)

Altars:
The Shining One


Message History

The river rat twitches its whiskers.
The river rat bites you.
You hit the river rat but do no damage. The river rat bites you!
The river rat completely misses you. The river rat closely misses you. x2
The river rat misses you. The river rat bites you.
* * * LOW HITPOINT WARNING * * *
The river rat barely misses you.
You're too confused to cast spells.
Drop what? 14/52 slots (_ for help) (? for menu, Esc to quit)
Okay, then.
Unknown command.
Unknown command.
It was a potion of flight.
You feel very buoyant.
You fly up into the air.
You feel less confused. The river rat bites you.
* * * LOW HITPOINT WARNING * * *
The river rat closely misses you. The river rat bites you.
You die...

#######
#..#.)# ≈≈≈
#.....# ≈≈≈
##...## ≈≈≈≈
#.....#
≈≈≈≈≈#..)..#
≈≈≈≈≈###)###
≈≈≈≈≈≈≈≈.r##
≈≈≈≈≈≈≈≈Sr@#
≈≈≈≈≈≈≈..rr#
≈≈≈≈≈≈≈....##
≈≈≈≈≈≈≈≈(r..#
≈≈≈≈≈r≈≈....#
≈≈≈≈≈≈.≈....#
≈≈≈≈≈≈.....##
#≈≈≈≈≈.....#
.#≈≈≈≈≈....##


You could see 6 river rats and a ball python.

Vanquished Creatures
  An orc priest (D:2)
  3 adders
  2 river rats (Sewer)
  2 dart slugs
  A leopard gecko (D:1)
  5 orcs
  4 ball pythons
  8 bats
  3 giant cockroaches
  3 goblins
  4 hobgoblins
  9 kobolds
  3 frilled lizards
  9 rats
57 creatures vanquished.

Vanquished Creatures (collateral kills)
  A worm (D:1)
1 creature vanquished.

Grand Total: 58 creatures vanquished

Notes
Turn   | Place    | Note
-------+----------+-------------------------------------------
     0 | D:1      | pokeman the Deep Elf Wizard began the quest for the Orb.
     0 | D:1      | Reached XP level 1. HP: 10/10 MP: 7/7
   278 | D:1      | Reached XP level 2. HP: 16/16 MP: 4/9
  1331 | D:2      | Reached skill level 5 in Spellcasting
  1331 | D:2      | Reached XP level 3. HP: 17/20 MP: 4/11
  1336 | D:2      | Learned a level 3 spell: Mephitic Cloud
  1339 | D:2      | Learned a level 2 spell: Call Imp
  1342 | D:2      | Learned a level 2 spell: Blink
  1346 | D:2      | Learned a level 3 spell: Conjure Flame
  1561 | D:2      | Reached skill level 1 in Armour
  1668 | D:2      | Reached skill level 1 in Fighting
  1668 | D:2      | Reached XP level 4. HP: 21/25 MP: 3/13
  2327 | D:3      | Found a glowing golden altar of the Shining One.
  2564 | D:3      | Found a glowing drain.
  2585 | Sewer    | Entered a sewer
  3199 | Sewer    | Reached skill level 6 in Spellcasting
  3228 | Sewer    | Reached skill level 1 in Fire Magic
  3228 | Sewer    | Reached XP level 5. HP: 29/29 MP: 11/15
  3303 | Sewer    | Slain by a river rat

Illustrated notes

Levels and vault maps discovered:
D:1:      matt_arrival_grand_opening, layout_rooms
D:2:      layout_basic
D:3:      layout_loops_corners, nicolae_tso_carved_into_rock,
          lemuel_doored_altar, gup_sewer_entry_glass
Sewer:    sewer_minmay_treatment

Skill      XL: |  1  2  3  4 |
---------------+-------------+-----
Spellcasting   | 5 6 |  6.0
Armour         | 1 |  1.2
Conjurations   | 2 |  2.5
Fighting       | 1 |  1.1
Fire Magic     | 1 |  1.0
Dodging        | |  2.7
Stealth        | |  2.4
Summonings     | |  1.1
Translocations | |  1.1

Action                   |  1- 3 |  4- 6 || total
-------------------------+-------+-------++-------
Melee: Unarmed           |     2 |       ||     2
       Mace              |     4 |     2 ||     6
 Cast: Magic Dart        |    92 |    80 ||   172
       Call Imp          |     3 |       ||     3
       Mephitic Cloud    |     1 |     1 ||     2
  Use: Potion            |       |     1 ||     1
  Eat: Chunk             |     2 |     4 ||     6
Armor: Leather armour    |     2 |    15 ||    17
Dodge: Dodged            |    18 |    30 ||    48
